Map: New Repugnancy LE

Players

ViBE - Winner!

  • Race: Zerg Zerg
  • League: Grandmaster
  • Spawn Location: 7:00

VOD

https://youtu.be/CFujXH73R0U?t=4410

Description

Time

  • Played on: July 25, 2019, midnight
  • Length: 10:00
Show
View Real Time Build Order
Export as new Build Order

ViBE Zerg - Winner!

Build Orders: Hatch First 

Get SALT Encoding   

  12  0:02  Drone  
  12  0:12  Overlord  
  12  0:24  Drone  
  12  0:31  Drone  
  12  0:32  Drone  
  12  0:35  Drone  
  12  0:53  Hatchery  
  12  0:57  Drone  
  12  0:59  Drone  
  12  1:13  Spawning Pool  
  12  1:15  Extractor  
  12  1:17  Drone  
  12  1:21  Drone  
  12  1:28  Drone  
  12  1:42  Overlord  
  12  1:50  Drone  
  12  2:01  Queen  
  12  2:02  Zergling x2  
  12  2:04  Queen  
  12  2:05  Zergling x2  
  12  2:16  Drone x2, Metabolic Boost  
  12  2:23  Drone  
  12  2:26  Drone  
  12  2:37  Hatchery  
  12  2:41  Drone  
  12  2:45  Drone x2  
  12  2:57  Queen  
  12  2:58  Overlord  
  12  2:59  Drone  
  12  3:01  Drone  
  12  3:12  Overlord  
  12  3:16  Overlord  
  12  3:17  Drone x3  
  12  3:18  Drone  
  12  3:23  Zergling x4  
  12  3:24  Zergling x2  
  12  3:27  Zergling x2  
  12  3:33  Zergling x2  
  12  3:37  Queen  
  12  3:42  Drone  
  12  3:44  Drone  
  12  3:47  Drone x6  
  12  3:52  Drone x2  
  12  3:55  Queen  
  12  4:04  Extractor  
  12  4:08  Lair  
  12  4:11  Drone  
  12  4:12  Drone x5  
  12  4:18  Drone x2  
  12  4:19  Overlord  
  12  4:31  Drone, Spore Crawler  
  12  4:33  Overlord, Spore Crawler  
  12  4:35  Spore Crawler  
  12  4:40  Drone x6  
  12  4:43  Baneling Nest  
  12  4:48  Drone x3  
  12  4:49  Drone x2  
  12  4:52  Overlord  
  12  4:57  Zergling x8  
  12  5:02  Drone  
  12  5:03  Drone x2  
  12  5:17  Extractor  
  12  5:18  Extractor  
  12  5:19  Extractor x2  
  12  5:22  Drone x9, Hatchery  
  12  5:24  Queen  
  12  5:26  Baneling x2  
  12  5:27  Baneling x4  
  12  5:34  Queen  
  12  5:46  Drone  
  12  5:48  Centrifical Hooks  
  12  5:52  Overlord x4  
  12  5:55  Evolution Chamber  
  12  5:56  Evolution Chamber, Queen  
  12  6:12  Drone x3  
  12  6:14  Drone  
  12  6:15  Hydralisk Den  
  12  6:16  Zergling x8  
  12  6:17  Zergling x14  
  12  6:19  Baneling x6  
  12  6:20  Baneling x2  
  12  6:25  Zerg Ground Armor Level 1, Zerg Melee Weapons Level 1  
  12  6:27  Zergling x10  
  12  6:37  Zergling x8  
  12  6:38  Zergling x8  
  12  6:48  Grooved Spines  
  12  6:50  Drone  
  12  6:52  Drone  
  12  6:56  Drone x7  
  12  7:12  Infestation Pit  
  12  7:13  Drone  
  12  7:14  Drone x2, Overlord x7  
  12  7:19  Baneling  
  12  7:20  Baneling x7  
  12  7:24  Spore Crawler  
  12  7:26  Extractor  
  12  7:27  Extractor  
  12  7:40  Drone  
  12  7:41  Drone x9  
  12  7:42  Drone x3  
  12  7:43  Drone  
  12  7:48  Hatchery  
  12  7:52  Hive  
  12  7:54  Spire  
  12  7:55  Hydralisk x5  
  12  8:00  Muscular Augments  
  12  8:09  Hydralisk x7  
  12  8:19  Hydralisk  
  12  8:20  Hydralisk x5  
  12  8:21  Zergling x2  
  12  8:22  Zergling x2  
  12  8:34  Overlord  
  12  8:39  Zergling x18  
  12  8:44  Overlord x2  
  12  8:45  Overlord  
  12  8:54  Zergling x16  
  12  8:57  Overlord  
  12  9:00  Hydralisk  
  12  9:01  Hydralisk x2  
  12  9:04  Zergling x4  
  12  9:18  Overseer  
  12  9:58  Hatchery  
Tags
 
Add a new tag
Caveats
  • Supply blocks, unpowered buildings, or Contaminate may cause inaccurate times.
  • Supply counts are checked every 10 seconds.